 Dungeon Crawl Stone Soup version 0.26-a0-652-gafc20e3620 (webtiles) character file.

Game seed: 15499231998249664510

5 miket3c the Skirmisher (level 1, 0/20 HPs)
             Began as a Minotaur Fighter on Oct 1, 2020.
             Slain by a kobold
             ... wielding a +0 short sword
              (4 damage)
             ... on level 1 of the Dungeon.
             The game lasted 00:00:19 (47 turns).

miket3c the Skirmisher (Minotaur Fighter)             Turns: 47, Time: 00:00:20

Health: 0/20       AC:  6    Str: 20    XL:     1   Next: 66%
Magic:  0/0        EV:  7    Int:  5    God:
Gold:   2          SH:  9    Dex:  9    Spells: 0/0 levels left

rFire    . . .     SeeInvis .   a - +0 war axe
rCold    . . .     Faith    .   c - +0 kite shield
rNeg     . . .     Spirit   .   b - +0 scale mail
rPois    .         Reflect  .   (helmet restricted)
rElec    .         Harm     .   (no cloak)
rCorr    .         Rampage  .   (no gloves)
MR       .....                  (no boots)
Stlth    ..........             (no amulet)
HPRegen  0.06/turn              (no ring)
MPRegen  0.07/turn              (no ring)

@: no status effects
A: retaliatory headbutt, horns 2
a: no special abilities


You were on level 1 of the Dungeon.
You visited 1 branch of the dungeon, and saw 1 of its levels.

You collected 2 gold pieces.

Inventory:

Hand Weapons
 a - a +0 war axe (weapon)
Armour
 b - a +0 scale mail (worn)
 c - a +0 kite shield (worn)
Potions
 d - a potion of might


   Skills:
 + Level 4.0 Fighting
 + Level 2.4 Axes
 + Level 3.6 Armour
 + Level 3.7 Shields


You couldn't memorise any spells.
You didn't know any spells.
Your spell library was empty.

Dungeon Overview and Level Annotations

Branches:
Dungeon (1/15)

Altars:


Innate Abilities, Weirdness & Mutations

You reflexively headbutt those who attack you in melee.
You have a pair of horns on your head.


Message History

You closely miss something. Something hits you but does no damage.
The jackal bites you but does no damage.
You hit the jackal. You headbutt the jackal.
You kill the jackal!
Your Fighting skill increases to level 4!
You closely miss something. Something hits you.
Something hits you but does no damage. Something hits you.
Found an inky potion.
Something hits you but does no damage.
You see here a scroll labeled GAOTEOL NOECOR.
A stone appears from out of thin air!
The stone hits you but does no damage.
You see here a stone.
You block something's attack.
You miss something. Something hits you.
* * * LOW HITPOINT WARNING * * *
You miss something. Something completely misses you. Something hits you.
* * * LOW HITPOINT WARNING * * *
You completely miss something. Something hits you.
You die...

..<............
.....≈≈≈≈≈≈≈≈P.
≈...≈≈≈≈≈≈≈≈≈≈.
≈...≈≈≈≈≈≈≈≈≈≈.
P...P≈≈≈≈≈≈≈≈P
..............
.##.##.#.########## . .
#.##...#..?...?(##....
.
..####.#.#...{@........
#### #.#.#...##.#...!..
#.#.##.###.##.....
#.†...[# #.# #....
###.#### #.# .#.. #.#
#.# # # #.. ..# #### ##


There were no monsters in sight!

Vanquished Creatures
  A hobgoblin (D:1)
  2 jackals (D:1)
  A kobold (D:1)
  A rat (D:1)
5 creatures vanquished.

Notes
Turn   | Place    | Note
-------+----------+-------------------------------------------
     0 | D:1      | miket3c the Minotaur Fighter began the quest for the Orb.
     0 | D:1      | Reached XP level 1. HP: 19/19 MP: 0/0
    40 | D:1      | Reached skill level 4 in Fighting
    47 | D:1      | Slain by a kobold

Illustrated notes

Levels and vault maps discovered:
D:1:      giann_bridges, layout_loops_corners

Skill      XL: |  1 |
---------------+----+-----
Fighting       | 4 |  4.0
Axes           | |  2.4
Armour         | |  3.6
Shields        | |  3.7

Action                   || total
-------------------------++-------
Melee: War axe           ||    16
       Headbutt          ||     4
Armor: Scale mail        ||    11
Dodge: Dodged            ||     2
Block: Kite shield       ||     7

Table legend: (Time is in decaauts)
 A = Elapsed time spent in this place.
 B = Non-inter-level travel time spent in this place.
 C = Inter-level travel time spent in this place.
 D = Time resting spent in this place.
 E = Time spent auto-exploring this place.
 F = Levels seen in this place.
 G = Mean time per level.
                   A        B        C        D        E       F      G
               +--------+--------+--------+--------+--------+-----+--------+
         Total |     54 |     54 |      0 |      0 |     17 |   1 |   54.0 |
       Dungeon |     54 |     54 |      0 |      0 |     17 |   1 |   54.0 |
               +--------+--------+--------+--------+--------+-----+--------+

Top non-repeatable levels by time:
     D:1: 54 daAuts
